NYP
WEST VIRGINIA BLACK BEARS @ ROME BRAVES
09/25/2047
 
TOP OF THE 1ST
West Virginia Black Bears batting - Pitching for Rome Braves : RHP Justin Collins
Pitching: RHP Justin Collins
Batting: RHB Ken Manser 0-0: Ball
1-0: Ball
2-0: Foul Ball, location: 2F
2-1: DOUBLE (Flyball, 8RXD, EV 105.0 MPH)
Batting: RHB Jose Almonte 0-0: Called Strike
0-1: Ball
1-1: Foul Ball, location: 2F
1-2: Ball
2-2: SINGLE (Line Drive, 8RS, EV 95.0 MPH)
Ken Manser to third
Throwing error, E8
Ken Manser scores
Jose Almonte to second
Batting: RHB Jaime Dubicki 0-0: Ball
1-0: Fly out, F9 (Flyball, 9LM, EV 83.1 MPH)
Batting: LHB Carlos Vega 0-0: Called Strike
0-1: Ball
1-1: Ball
2-1: Foul Ball, location: 2F
2-2: Strikes out swinging
Batting: RHB Roberto Guzman 0-0: Ground out U3 (Groundball, 3S, EV 91.2 MPH)
Top of the 1st over - 1 run, 2 hits, 1 error, 1 left on base; West Virginia 1 - Rome 0
BOTTOM OF THE 1ST
Rome Braves batting - Pitching for West Virginia Black Bears : RHP Franklin Amaro
Pitching: RHP Franklin Amaro
Batting: RHB Rafael Reyes 0-0: Called Strike
0-1: Ball
1-1: Ball
2-1: Fly out, F7 (Flyball, 7LM, EV 84.4 MPH)
Batting: RHB Gebre-Giorgios Wangondu 0-0: Called Strike
0-1: SINGLE (Groundball, 4M, EV 93.1 MPH) (infield hit)
Batting: LHB Tamaichi Sasada 0-0: Ball
Gebre-Giorgios Wangondu steals 2nd base
1-0: Ball
Gebre-Giorgios Wangondu steals 3rd base
2-0: Ball
3-0: Called Strike
Balk!
Gebre-Giorgios Wangondu scores
3-1: Called Strike
3-2: Foul Ball, location: 2F
3-2: Strikes out swinging
Batting: RHB Tim Molchan 0-0: Foul Ball, location: 2F
0-1: Ball
1-1: Ball
2-1: Foul Ball, location: 2F
2-2: Foul Ball, location: 2F
2-2: Foul Ball, location: 2F
2-2: Foul Ball, location: 2F
2-2: Fly out, F3 (Popup, 3S, EV 71.9 MPH)
Bottom of the 1st over - 1 run, 1 hit, 0 errors, 0 left on base; West Virginia 1 - Rome 1
TOP OF THE 2ND
West Virginia Black Bears batting - Pitching for Rome Braves : RHP Justin Collins
Batting: LHB Donald Imre 0-0: Ball
1-0: Ball
2-0: Ground out 6-3 (Groundball, 56, EV 107.5 MPH)
Batting: RHB Perry Dominey 0-0: Ball
1-0: Swinging Strike
1-1: Ball
2-1: Called Strike
2-2: Foul Ball, location: 2F
2-2: Ball
3-2: Foul Ball, location: 2F
3-2: Foul Ball, location: 2F
3-2: Strikes out looking
Batting: RHB Steve Terres 0-0: DOUBLE (Line Drive, 78D, EV 107.5 MPH)
Batting: RHB Brian Moore 0-0: Foul Ball, location: 2F
0-1: Swinging Strike
0-2: Ball
1-2: Strikes out swinging
Top of the 2nd over - 0 runs, 1 hit, 0 errors, 1 left on base; West Virginia 1 - Rome 1
BOTTOM OF THE 2ND
Rome Braves batting - Pitching for West Virginia Black Bears : RHP Franklin Amaro
Batting: RHB Costantino Dolfini 0-0: Called Strike
0-1: Swinging Strike
0-2: Strikes out swinging
Batting: LHB Andres Aldape 0-0: Foul Ball, location: 2F
0-1: Called Strike
0-2: Strikes out swinging
Batting: RHB Dave Pizarro 0-0: Ball
1-0: Foul Ball, location: 2F
1-1: Swinging Strike
1-2: Ground out 5-3 (Groundball, 56S, EV 91.9 MPH)
Bottom of the 2nd over - 0 runs, 0 hits, 0 errors, 0 left on base; West Virginia 1 - Rome 1
TOP OF THE 3RD
West Virginia Black Bears batting - Pitching for Rome Braves : RHP Justin Collins
Batting: RHB Ken Manser 0-0: Ball
1-0: Called Strike
1-1: Foul Ball, location: 2F
1-2: Foul Ball, location: 2F
1-2: Strikes out swinging
Batting: RHB Jose Almonte 0-0: SOLO HOME RUN (Flyball, 9D, EV 99.4 MPH), Distance : 380 ft
Batting: RHB Jaime Dubicki 0-0: Ball
1-0: Foul Ball, location: 2F
1-1: Foul Ball, location: 2F
1-2: Strikes out swinging
Batting: LHB Carlos Vega 0-0: Ball
1-0: Called Strike
1-1: Called Strike
1-2: Ball
2-2: Foul Ball, location: 2F
2-2: Foul Ball, location: 2F
2-2: Ball
3-2: Strikes out swinging
Top of the 3rd over - 1 run, 1 hit, 0 errors, 0 left on base; West Virginia 2 - Rome 1
BOTTOM OF THE 3RD
Rome Braves batting - Pitching for West Virginia Black Bears : RHP Franklin Amaro
Batting: RHB Alex Campos 0-0: Ball
1-0: Ball
2-0: Called Strike
2-1: Foul Ball, location: 2F
2-2: Strikes out swinging
Batting: RHB Vicente Guillen 0-0: SINGLE (Groundball, 56D, EV 77.5 MPH) (infield hit)
Batting: RHB Rafael Reyes 0-0: Called Strike
0-1: Ball
Vicente Guillen is caught stealing 2nd base 2-4
1-1: Swinging Strike
1-2: Reached on error, E5 (Groundball, 56S, EV 69.4 MPH)
Batting: RHB Gebre-Giorgios Wangondu 0-0: Ball
Rafael Reyes steals 2nd base (no throw)
1-0: Ball
2-0: Foul Ball, location: 2F
2-1: Ball
3-1: SINGLE (Groundball, 34S, EV 76.9 MPH) (infield hit)
Rafael Reyes to third
Batting: LHB Tamaichi Sasada 0-0: Called Strike
0-1: Swinging Strike
0-2: Ball
1-2: Foul Ball, location: 2F
1-2: Ball
2-2: Strikes out looking
Bottom of the 3rd over - 0 runs, 2 hits, 1 error, 2 left on base; West Virginia 2 - Rome 1
TOP OF THE 4TH
West Virginia Black Bears batting - Pitching for Rome Braves : RHP Justin Collins
Batting: RHB Roberto Guzman 0-0: Ball
1-0: SINGLE (Line Drive, 8RS, EV 110.0 MPH)
Batting: LHB Donald Imre 0-0: Ball
1-0: Foul Ball, location: 2F
1-1: Ball
2-1: Swinging Strike
2-2: Foul Ball, location: 2F
2-2: Fly out, F8 (Flyball, 8LD, EV 101.9 MPH)
Batting: RHB Perry Dominey 0-0: Called Strike
0-1: Swinging Strike
0-2: Ball
1-2: Foul Ball, location: 2F
1-2: Ball
2-2: Fielders Choice at 2nd, 3-6 (Groundball, 34S, EV 85.6 MPH)
Batting: RHB Steve Terres 0-0: Ball
Perry Dominey steals 2nd base
1-0: Called Strike
1-1: Ball
2-1: Called Strike
2-2: Foul Ball, location: 2F
2-2: Strikes out swinging
Top of the 4th over - 0 runs, 1 hit, 0 errors, 1 left on base; West Virginia 2 - Rome 1
BOTTOM OF THE 4TH
Rome Braves batting - Pitching for West Virginia Black Bears : RHP Franklin Amaro
Batting: RHB Tim Molchan 0-0: Called Strike
0-1: Ball
1-1: Ground out 5-3 (Groundball, 56, EV 97.5 MPH)
Batting: RHB Costantino Dolfini 0-0: Foul Ball, location: 2F
0-1: Ball
1-1: Foul Ball, location: 2F
1-2: Ball
2-2: Foul Ball, location: 2F
2-2: Ground out 5-3 (Groundball, 15, EV 83.8 MPH)
Batting: LHB Andres Aldape 0-0: Ground out 5-3 (Groundball, 56, EV 83.8 MPH)
Bottom of the 4th over - 0 runs, 0 hits, 0 errors, 0 left on base; West Virginia 2 - Rome 1
TOP OF THE 5TH
West Virginia Black Bears batting - Pitching for Rome Braves : RHP Justin Collins
Batting: RHB Brian Moore 0-0: Ball
1-0: Swinging Strike
1-1: Called Strike
1-2: Ball
2-2: Ball
3-2: Strikes out swinging
Batting: RHB Ken Manser 0-0: Ball
1-0: Swinging Strike
1-1: Fly out, F8 (Line Drive, 8LS, EV 106.2 MPH)
Batting: RHB Jose Almonte 0-0: Called Strike
0-1: Ball
1-1: Ground out 2-3 (Groundball, 2L, EV 65.0 MPH)
Top of the 5th over - 0 runs, 0 hits, 0 errors, 0 left on base; West Virginia 2 - Rome 1
BOTTOM OF THE 5TH
Rome Braves batting - Pitching for West Virginia Black Bears : RHP Franklin Amaro
Batting: RHB Dave Pizarro 0-0: Ground out 4-3 (Groundball, 4, EV 105.0 MPH)
Batting: RHB Alex Campos 0-0: Called Strike
0-1: Ball
1-1: Ball
2-1: SINGLE (Groundball, 4MD, EV 100.6 MPH)
Batting: RHB Vicente Guillen 0-0: Ball
1-0: Ball
2-0: Hit by Pitch
Alex Campos to second
Batting: RHB Rafael Reyes 0-0: Called Strike
0-1: Ball
1-1: Ball
2-1: Foul Ball, location: 2F
2-2: Strikes out swinging
Batting: RHB Gebre-Giorgios Wangondu 0-0: Called Strike
0-1: Ball
1-1: Fielders Choice at 2nd, U6 (Groundball, 6M, EV 91.2 MPH)
Bottom of the 5th over - 0 runs, 1 hit, 0 errors, 2 left on base; West Virginia 2 - Rome 1
TOP OF THE 6TH
West Virginia Black Bears batting - Pitching for Rome Braves : RHP Justin Collins
Pitching: LHP Steve Young
Batting: RHB Jaime Dubicki 0-0: Ball
1-0: Swinging Strike
1-1: Ball
2-1: Foul Ball, location: 2F
2-2: Ball
3-2: Strikes out looking
Batting: LHB Carlos Vega 0-0: Called Strike
0-1: Ball
1-1: Called Strike
1-2: Foul Ball, location: 2F
1-2: Strikes out looking
Batting: RHB Roberto Guzman 0-0: Called Strike
0-1: Foul Ball, location: 2F
0-2: Foul Ball, location: 2F
0-2: Foul Ball, location: 2F
0-2: Foul Ball, location: 2F
0-2: Foul Ball, location: 2F
0-2: Strikes out swinging
Top of the 6th over - 0 runs, 0 hits, 0 errors, 0 left on base; West Virginia 2 - Rome 1
BOTTOM OF THE 6TH
Rome Braves batting - Pitching for West Virginia Black Bears : RHP Franklin Amaro
Batting: LHB Tamaichi Sasada 0-0: Ball
1-0: Foul Ball, location: 2F
1-1: Ball
2-1: Fly out, F8 (Flyball, 89S, EV 88.8 MPH)
Batting: RHB Tim Molchan 0-0: Called Strike
0-1: Ground out 6-3 (Groundball, 6, EV 87.5 MPH)
Batting: RHB Costantino Dolfini 0-0: Ball
1-0: Called Strike
1-1: Ball
2-1: Fly out, F9 (Flyball, 9D, EV 105.0 MPH)
Bottom of the 6th over - 0 runs, 0 hits, 0 errors, 0 left on base; West Virginia 2 - Rome 1
TOP OF THE 7TH
West Virginia Black Bears batting - Pitching for Rome Braves : LHP Steve Young
Batting: LHB Donald Imre 0-0: Foul Ball, location: 2F
0-1: Swinging Strike
0-2: Strikes out swinging
Batting: RHB Perry Dominey 0-0: Ground out 4-3 (Groundball, 4, EV 84.4 MPH)
Batting: RHB Steve Terres 0-0: Called Strike
0-1: Ground out 6-3 (Groundball, 6M, EV 80.0 MPH)
Top of the 7th over - 0 runs, 0 hits, 0 errors, 0 left on base; West Virginia 2 - Rome 1
BOTTOM OF THE 7TH
Rome Braves batting - Pitching for West Virginia Black Bears : RHP Franklin Amaro
Now at 1B: Aito Harada
Now in LF: Jose Almonte
Batting: LHB Andres Aldape 0-0: SINGLE (Groundball, 34D, EV 100.0 MPH) (infield hit)
Batting: RHB Dave Pizarro 0-0: Bunted foul
0-1: Sac Bunt to 3S - play at second, runner OUT! 3-6
Batting: RHB Alex Campos 0-0: Called Strike
Dave Pizarro steals 2nd base
0-1: Ground out 6-3 (Groundball, 56, EV 102.5 MPH)
Pitching: LHP Kunifusa Sakuma
Pinch Hitting: RHB Armando Moz 0-0: SINGLE (Groundball, 56D, EV 93.8 MPH)
Dave Pizarro to third
Runner from 3rd tries for Home, SAFE, throw by LF to home
Armando Moz to second
Batting: RHB Rafael Reyes 0-0: Ball
1-0: Foul Ball, location: 2F
1-1: Fly out, F9 (Line Drive, 89D, EV 95.6 MPH)
Bottom of the 7th over - 1 run, 2 hits, 0 errors, 1 left on base; West Virginia 2 - Rome 2
TOP OF THE 8TH
West Virginia Black Bears batting - Pitching for Rome Braves : LHP Steve Young
Now at SS: Phil Holman
Batting: RHB Brian Moore 0-0: Called Strike
0-1: Ball
1-1: Ground out 6-3 (Groundball, 6, EV 103.1 MPH)
Batting: RHB Ken Manser 0-0: Swinging Strike
0-1: Ball
1-1: Swinging Strike
1-2: Foul Ball, location: 2F
1-2: Ground out 6-3 (Groundball, 6, EV 87.5 MPH)
Batting: RHB Jose Almonte 0-0: Ball
1-0: TRIPLE (Line Drive, 89XD, EV 101.2 MPH)
Pitching: RHP Nikita Eliseenko
Batting: RHB Jaime Dubicki 0-0: Ground out 1-3 (Groundball, 13S, EV 68.1 MPH)
Top of the 8th over - 0 runs, 1 hit, 0 errors, 1 left on base; West Virginia 2 - Rome 2
BOTTOM OF THE 8TH
Rome Braves batting - Pitching for West Virginia Black Bears : LHP Kunifusa Sakuma
Batting: RHB Gebre-Giorgios Wangondu 0-0: Foul Ball, location: 2F
0-1: Ball
1-1: Ground out 5-3 (Groundball, 15, EV 85.6 MPH)
Batting: LHB Tamaichi Sasada 0-0: Called Strike
0-1: Ball
1-1: Ball
2-1: Fly out, F6 (Line Drive, 4M, EV 88.8 MPH)
Batting: RHB Tim Molchan 0-0: Ground out 6-3 (Groundball, 6, EV 110.0 MPH)
Bottom of the 8th over - 0 runs, 0 hits, 0 errors, 0 left on base; West Virginia 2 - Rome 2
TOP OF THE 9TH
West Virginia Black Bears batting - Pitching for Rome Braves : RHP Nikita Eliseenko
Pitching: RHP Gordon Cushing
Batting: LHB Aito Harada 0-0: Called Strike
0-1: Ball
1-1: Swinging Strike
1-2: Foul Ball, location: 2F
1-2: Strikes out looking
Batting: LHB Randy Boone 0-0: Ground out 3-1 (Groundball, 34, EV 102.5 MPH)
Batting: LHB Donald Imre 0-0: Ball
1-0: Ball
2-0: Ball
3-0: Called Strike
3-1: Base on Balls
Batting: RHB Perry Dominey 0-0: Ball
1-0: Called Strike
1-1: Called Strike
1-2: Ball
2-2: Ball
3-2: Strikes out swinging
Top of the 9th over - 0 runs, 0 hits, 0 errors, 1 left on base; West Virginia 2 - Rome 2
BOTTOM OF THE 9TH
Rome Braves batting - Pitching for West Virginia Black Bears : LHP Kunifusa Sakuma
Batting: RHB Costantino Dolfini 0-0: Called Strike
0-1: Foul Ball, location: 2F
0-2: Strikes out swinging
Pinch Hitting: RHB Tetsuro Sato 0-0: Swinging Strike
0-1: Ball
1-1: Ball
2-1: Ball
3-1: Foul Ball, location: 2F
3-2: Foul Ball, location: 2F
3-2: Base on Balls
Batting: RHB Dave Pizarro 0-0: Swinging Strike
0-1: Swinging Strike
0-2: Ball
1-2: Strikes out swinging
Pitching: RHP Mike Rosen
Batting: RHB Alex Campos 0-0: Called Strike
0-1: Foul Ball, location: 2F
0-2: Foul Ball, location: 2F
0-2: Ball
1-2: Ball
Wild Pitch!
Tetsuro Sato to second
2-2: Strikes out looking
Bottom of the 9th over - 0 runs, 0 hits, 0 errors, 1 left on base; West Virginia 2 - Rome 2
TOP OF THE 10TH
West Virginia Black Bears batting - Pitching for Rome Braves : RHP Gordon Cushing
Now at C: Josh McCormick
Batting: RHB Steve Terres 0-0: Called Strike
0-1: Foul Ball, location: 2F
0-2: Strikes out swinging
Batting: RHB Brian Moore 0-0: Ball
1-0: Called Strike
1-1: Swinging Strike
1-2: Strikes out swinging
Batting: RHB Ken Manser 0-0: Ball
1-0: Foul Ball, location: 2F
1-1: Ball
2-1: Ball
3-1: Base on Balls
Batting: RHB Jose Almonte 0-0: Ball
1-0: Ball
Ken Manser steals 2nd base (no throw)
2-0: Called Strike
2-1: SINGLE (Groundball, 34S, EV 67.5 MPH) (infield hit)
Ken Manser to third
Batting: RHB Jaime Dubicki 0-0: Called Strike
0-1: Ball
1-1: Ball
2-1: Ball
3-1: Base on Balls
Jose Almonte to second
Pitching: RHP Wami Benthami
Batting: LHB Aito Harada 0-0: Ball
1-0: Called Strike
1-1: Fielders Choice at 2nd, 6-4 (Groundball, 6, EV 103.8 MPH)
Top of the 10th over - 0 runs, 1 hit, 0 errors, 3 left on base; West Virginia 2 - Rome 2
BOTTOM OF THE 10TH
Rome Braves batting - Pitching for West Virginia Black Bears : RHP Mike Rosen
Pitching: RHP Jaylen Walker
Batting: RHB Phil Holman 0-0: Swinging Strike
0-1: Swinging Strike
0-2: Ball
1-2: Foul Ball, location: 2F
1-2: Strikes out looking
Batting: RHB Rafael Reyes 0-0: Ball
1-0: Ball
2-0: Ball
3-0: Called Strike
3-1: Called Strike
3-2: Foul Ball, location: 2F
3-2: Strikes out looking
Batting: RHB Gebre-Giorgios Wangondu 0-0: Called Strike
0-1: Hit by Pitch
Batting: LHB Tamaichi Sasada 0-0: Ball
1-0: Ball
2-0: Called Strike
Gebre-Giorgios Wangondu is caught stealing 2nd base 2-6
Bottom of the 10th over - 0 runs, 0 hits, 0 errors, 0 left on base; West Virginia 2 - Rome 2
TOP OF THE 11TH
West Virginia Black Bears batting - Pitching for Rome Braves : RHP Wami Benthami
Batting: LHB Randy Boone 0-0: Called Strike
0-1: Ball
1-1: Ground out 6-3 (Groundball, 56, EV 88.8 MPH)
Batting: LHB Donald Imre 0-0: Ball
1-0: Called Strike
1-1: Ball
2-1: SINGLE (Groundball, 34D, EV 96.2 MPH)
Batting: RHB Perry Dominey 0-0: Ground out 5-3 (Groundball, 5S, EV 72.5 MPH)
Donald Imre to second
Batting: RHB Steve Terres 0-0: Swinging Strike
0-1: Ground out 4-3 (Groundball, 4D, EV 93.1 MPH)
Top of the 11th over - 0 runs, 1 hit, 0 errors, 1 left on base; West Virginia 2 - Rome 2
BOTTOM OF THE 11TH
Rome Braves batting - Pitching for West Virginia Black Bears : RHP Jaylen Walker
Batting: LHB Tamaichi Sasada 0-0: Foul Ball, location: 2F
0-1: Foul Ball, location: 2F
0-2: Ball
1-2: Fly out, F9 (Flyball, 9, EV 83.8 MPH)
Batting: RHB Tim Molchan 0-0: Ball
1-0: Swinging Strike
1-1: Ball
2-1: Swinging Strike
2-2: SINGLE (Groundball, 5S, EV 66.2 MPH) (infield hit)
Batting: RHB Costantino Dolfini 0-0: Ball
1-0: Ball
2-0: Ball
3-0: Called Strike
3-1: Base on Balls
Tim Molchan to second
Pitching: RHP Perry Mills
Batting: RHB Josh McCormick 0-0: Fielders Choice at 2nd, 5-4 (Groundball, 5S, EV 92.5 MPH)
Tim Molchan to third
Batting: RHB Dave Pizarro 0-0: Fly out, F8 (Flyball, 89S, EV 76.9 MPH)
Bottom of the 11th over - 0 runs, 1 hit, 0 errors, 2 left on base; West Virginia 2 - Rome 2
TOP OF THE 12TH
West Virginia Black Bears batting - Pitching for Rome Braves : RHP Wami Benthami
Batting: RHB Brian Moore 0-0: Ball
1-0: Foul Ball, location: 2F
1-1: SINGLE (Groundball, 34D, EV 100.0 MPH)
Batting: RHB Ken Manser 0-0: Bunted foul
0-1: Ball
1-1: Ball
2-1: Bunted foul
2-2: Ball
3-2: Foul Ball, location: 2F
3-2: Strikes out swinging
Batting: RHB Jose Almonte 0-0: Ball
1-0: Ball
2-0: Foul Ball, location: 2F
2-1: Ball
3-1: Foul Ball, location: 2F
3-2: Foul Ball, location: 2F
3-2: Fly out, F9 (Flyball, 9LD, EV 103.1 MPH)
Batting: RHB Jaime Dubicki 0-0: DOUBLE (Line Drive, 5D, EV 98.1 MPH)
Brian Moore to third
Runner from 3rd tries for Home, SAFE, throw by LF to home
Batting: LHB Aito Harada 0-0: Ball
1-0: Called Strike
1-1: Foul Ball, location: 2F
1-2: Ball
2-2: Strikes out swinging
Top of the 12th over - 1 run, 2 hits, 0 errors, 1 left on base; West Virginia 3 - Rome 2
BOTTOM OF THE 12TH
Rome Braves batting - Pitching for West Virginia Black Bears : RHP Perry Mills
Batting: RHB Alex Campos 0-0: Called Strike
0-1: Ball
1-1: Swinging Strike
1-2: Strikes out swinging, 2-3 out at first.
Pinch Hitting: RHB Terry Hughes 0-0: Called Strike
0-1: Ball
1-1: Fly out, F5 (Popup, 5F, EV 60.6 MPH)
Batting: RHB Rafael Reyes 0-0: Ball
1-0: Foul Ball, location: 2F
1-1: Ball
2-1: Foul Ball, location: 2F
2-2: Ball
3-2: Strikes out swinging
Bottom of the 12th over - 0 runs, 0 hits, 0 errors, 0 left on base; West Virginia 3 - Rome 2
Thursday, December 15th , 2022 - OOTP Baseball 23.9 Build 102